 Dungeon Sprint DCSS version 0.26.1-11-gd32895ea62 (webtiles) character file.

Game seed: 7000987655926317120

3312 Zeld the Pandemonic (level 9, -3/74 HPs)
             Began as a Deep Dwarf Monk on June 14, 2021.
             Was a High Priest of Makhleb.
             Slain by an ushabti (6 damage)
             ... in the Dungeon (Sprint V: "Ziggurat Sprint").
             The game lasted 00:01:47 (1261 turns).

Zeld the Pandemonic (Deep Dwarf Monk)               Turns: 1261, Time: 00:01:48

Health: -3/74      AC: 20    Str: 30    XL:     9   Next: 70%
Magic:  18/18      EV:  4    Int: 11    God:    Makhleb [*****.]
Gold:   0          SH: 29    Dex: 15    Spells: 8/8 levels left

rFire    . . .     SeeInvis +   a - +14 obsidian axe {vorpal, +Fly SInv *Curse} (curse)
rCold    . . .     Faith    .   i - +3 tower shield
rNeg     . . .     Spirit   .   h - +5 crystal plate armour
rPois    .         Reflect  +   C - +1 hat
rElec    .         Harm     .   (no cloak)
rCorr    .         Rampage  .   (no gloves)
Will     +....     NoTele   +   (no boots)
Stlth    ..........             t - amulet of reflection
HPRegen  0.00/turn              y - +6 ring of strength
MPRegen  0.16/turn              z - +6 ring of strength

@: lethally poisoned (-3 -> -53), mesmerised, non-regenerating, slowed, very
slow
A: damage resistance, heal wounds, sense surroundings 2, no regeneration
a: Heal Wounds, Renounce Religion, Evoke Flight, Minor Destruction, Lesser
Servant of Makhleb, Major Destruction, Greater Servant of Makhleb


You were in the Dungeon.
You worshipped Makhleb.
Makhleb was extremely pleased with you.
You visited 1 branch

Inventory:

Hand Weapons
 a - the cursed +14 obsidian axe (weapon) {vorpal, +Fly SInv *Curse}
   (You found it in the Dungeon)

   It inflicts extra damage upon your enemies.
   It lets you see invisible.
   It lets you fly.
   It curses itself when equipped.
   It has a curse placed upon it.
 j - a +5 broad axe
Armour
 h - a +5 crystal plate armour (worn)
 i - a +3 tower shield (worn)
 C - a +1 hat (worn)
Jewellery
 t - an amulet of reflection (around neck)
 y - a +6 ring of strength (left hand)
 z - a +6 ring of strength (right hand)
Wands
 v - a wand of disintegration (7)
 w - a wand of iceblast (7)
 x - a wand of acid (7)
Scrolls
 g - 4 scrolls of blinking
 k - 4 scrolls of amnesia
 l - 7 scrolls of fog
 m - a scroll of holy word
 n - 5 scrolls of identify
 o - 5 scrolls of remove curse
 p - 2 scrolls of fear
Potions
 b - 10 potions of curing
 c - 10 potions of heal wounds
 d - 6 potions of haste
 e - 7 potions of magic
 f - 2 potions of berserk rage
 q - 2 potions of brilliance
 r - 2 potions of invisibility
 s - 4 potions of resistance
 u - 5 potions of might
Miscellaneous
 A - a lightning rod (4/4)
 B - a phial of floods


   Skills:
 - Level 2.6 Fighting
 * Level 14.3 Axes
 - Level 3.2 Dodging
 - Level 2.4 Stealth
 * Level 14.2 Shields
 - Level 2.6 Unarmed Combat
 - Level 15.0 Invocations


You had 8 spell levels left.
You didn't know any spells.
Your spell library was empty.

Dungeon Overview and Level Annotations

Branches:
Dungeon (1/1)

Altars:
Ashenzari
Cheibriados
Dithmenos
Elyvilon
Fedhas
Gozag
Hepliaklqana
Kikubaaqudgha
Makhleb
Nemelex Xobeh
Okawaru
Qazlal
Ru
Sif Muna
Trog
Uskayaw
Vehumet
Wu Jian
Xom
Yredelemnul
Zin
The Shining One
Beogh
Jiyva
Lugonu

Annotations:
D 1 transporter


Innate Abilities, Weirdness & Mutations

You are resistant to damage.
You can heal yourself by infusing magical energy.
You passively map the area around you.
You do not regenerate.


Message History

* * * LOW HITPOINT WARNING * * *
You feel extremely sick. You block the death scarab's attack.
The death scarab bites you!
* * * LOW HITPOINT WARNING * * *
The death scarab drains your vigour!
You feel as though you will be slow longer.
The death scarab draws strength from your injuries!
You block the ushabti's attack.
The ushabti shakes and rattles deafeningly!
Okay, then.
You feel much better.
* * * LOW HITPOINT WARNING * * *
You feel extremely sick. You block the death scarab's attack.
The death scarab bites you!!
* * * LOW HITPOINT WARNING * * *
The death scarab drains your vigour!
You feel as though you will be slow longer.
The death scarab draws strength from your injuries!
The ushabti hits you!
You die...

,
▓▓▓▓▓▓▓▓▓▓▓▓▓▓▓▓▓▓▓
*, ,▓..8©8..▓ , , ,
▓..)}[..▓ ,
▓..:):..▓ ,, , ,
▓.......▓ * ,
,▓.......▓ , ,,
,▓.......▓ , ,
▓..B88..▓ ,
▓.▓.@.▓.▓ ,*, ,
,,▓...©...▓ , * **
▓▓▓▓▓▓▓▓▓ , , 8 , *
, * , , * , * , ,,
, , ,,, ,* , , , ,,
, ,


You could see 2 ushabtiu and a death scarab (mesmerising).

Vanquished Creatures
  A black draconian (D)
  A dancing weapon (D)
  A deep elf mage (D)
  A draconian (D)
  A hornet (shapeshifter) (D)
  A spriggan (D)
  2 black bears (D)
  A wolf (D)
  A bullfrog (D)
  2 orc wizards (D)
  2 river rats (D)
  2 adder skeletons (D)
  An orc (D)
  A bat zombie (D)
  2 jackals (D)
20 creatures vanquished.

Vanquished Creatures (collateral kills)
  A deep elf mage (D)
1 creature vanquished.

Grand Total: 21 creatures vanquished

Notes
Turn   | Place    | Note
-------+----------+-------------------------------------------
     0 | D        | Zeld the Deep Dwarf Monk began the quest for the Orb.
     0 | D        | Reached XP level 1. HP: 20/20 MP: 1/1
     3 | D        | Found a blossoming altar of Fedhas.
     4 | D        | Found the +6 Majin-Bo {vamp, MP+6 Int+6}
     4 | D        | Found the +9 heavy crossbow "Sniper" {vorpal, Acc+∞ SInv}
     4 | D        | Found the +10 dark maul {vorpal}
     4 | D        | Found the +15 Maxwell's patent armour {-Cast -Tele rElec
                  | Will+ rCorr}
     4 | D        | Found the +18 shield of the Gong {rElec rN+ Will+ EV-5}
     4 | D        | Found the cursed +14 obsidian axe {vorpal, +Fly SInv
                  | *Curse}
     4 | D        | Found the +7 great mace "Firestarter" {inner flame, rF++}
     4 | D        | Found the +6 shillelagh "Devastator" {shatter}
     4 | D        | Found the +11 plutonium sword {*Contam Stlth-}
     4 | D        | Found the +8 lance "Wyrmbane" {slay drac, rPois rF+ rC+
                  | AC+3}
     4 | D        | Found the +9 sword of Zonguldrok {reap}
     4 | D        | Found the cursed +13 scythe of Curses {drain, *Curse}
     4 | D        | Found the +5 sword of Power {vorpal}
     4 | D        | Found the +7 mace of Variability {chain chaos}
     4 | D        | Found the +7 Singing Sword {vorpal, sonic wave}
     4 | D        | Found the +8 storm bow {elec, penet}
     5 | D        | Found a viscous altar of Jiyva.
     5 | D        | Found a hazy altar of Hepliaklqana.
     5 | D        | Found a transporter.
     5 | D        | Found an opulent altar of Gozag.
     5 | D        | Found an ancient bone altar of Kikubaaqudgha.
     5 | D        | Found a corrupted altar of Lugonu.
     9 | D        | Found a burning altar of Makhleb.
    11 | D        | Found a sacrificial altar of Ru.
    11 | D        | Found a shimmering blue altar of Sif Muna.
    11 | D        | Found a stormy altar of Qazlal.
    11 | D        | Found a bloodstained altar of Trog.
    11 | D        | Found an iron altar of Okawaru.
    11 | D        | Found a sparkling altar of Nemelex Xobeh.
    51 | D        | Reached skill level 5 in Axes
    51 | D        | Reached skill level 5 in Shields
    51 | D        | Reached XP level 2. HP: 27/27 MP: 2/2
    55 | D        | Became a worshipper of Makhleb the Destroyer
    55 | D        | Reached * piety under Makhleb
    55 | D        | Reached ** piety under Makhleb
    74 | D        | Entered arena 2.
    74 | D        | Noticed a draconian
    74 | D        | Noticed a black draconian
    74 | D        | Found a transporter.
    75 | D        | Identified the +3 flail of Valiance {flame, rElec Dex+5}
    80 | D        | Killed a black draconian
    80 | D        | Killed a draconian
    81 | D        | Reached skill level 12 in Invocations
    81 | D        | Reached XP level 3. HP: 33/33 MP: 2/10
    81 | D        | Reached XP level 4. HP: 40/40 MP: 2/12
    81 | D        | Reached XP level 5. HP: 46/46 MP: 2/13
    81 | D        | Reached XP level 6. HP: 55/55 MP: 2/15
    81 | D        | Reached XP level 7. HP: 61/61 MP: 2/16
    81 | D        | Reached XP level 8. HP: 68/68 MP: 2/17
   560 | D        | Entered arena 3.
   560 | D        | Found a transporter.
   561 | D        | Found the +3 warlock's mirror {reflect}
   564 | D        | Reached *** piety under Makhleb
   682 | D        | Entered arena 4.
   682 | D        | Noticed a deep elf mage
   682 | D        | Noticed a +0 war axe of venom
   682 | D        | Noticed a hornet
   682 | D        | Noticed a deep elf mage
   682 | D        | Found a transporter.
   685 | D        | Killed a deep elf mage
   686 | D        | Reached skill level 13 in Invocations
   688 | D        | Killed a hornet
   690 | D        | Killed a +0 war axe of venom
   690 | D        | Reached **** piety under Makhleb
   691 | D        | Reached skill level 14 in Invocations
   691 | D        | Gained mutation: You passively map the area around you.
                  | [Deep Dwarf growth]
   691 | D        | Reached XP level 9. HP: 56/74 MP: 17/19
   692 | D        | Killed a deep elf mage
   930 | D        | Entered arena 5.
   930 | D        | Found a transporter.
   935 | D        | Reached skill level 15 in Invocations
   935 | D        | Reached ***** piety under Makhleb
  1133 | D        | Entered arena 6.
  1133 | D        | Found a transporter.
  1249 | D        | Entered arena 7.
  1249 | D        | Noticed a death scarab
  1250 | D        | Found a transporter.
  1261 | D        | HP: 3/74 [death scarab (17)]
  1261 | D        | Slain by an ushabti

Illustrated notes

Levels and vault maps discovered:
D:        sprint_v [room_start, room_1, room_2, room_3, room_4, room_5, room_6,
          room_7, room_8, room_9, room_10, room_11, room_12, room_13, room_14,
          room_15, room_16, room_17, room_18, room_19, room_20, room_21,
          room_22, room_23, room_24, room_25, room_26, room_27]

Skill      XL: |  1  2  3  4  5  6  7  8  9 |
---------------+----------------------------+-----
Axes           | 5 11 13 14 | 14.3
Shields        | 5 11 13 14 | 14.2
Invocations    | 12 14 15 | 15.0
Fighting       | |  2.6
Dodging        | |  3.2
Stealth        | |  2.4
Unarmed Combat | |  2.6

Action                   |  1- 3 |  4- 6 |  7- 9 || total
-------------------------+-------+-------+-------++-------
Melee: Broad axe         |     4 |       |    29 ||    33
 Abil: Heal Wounds       |       |       |     5 ||     5
  Use: Potion            |     2 |       |       ||     2
Armor: Crystal plate arm |       |       |    24 ||    24
Dodge: Dodged            |       |       |     3 ||     3
Block: Tower shield      |     3 |       |    59 ||    62
